Nobbs, lawful female human Valkyrie ---------- -------- |.........#####----- |......| |........| #|.!.| ------ |......| |........| #....| |....-# ---------- |......| ---|------ ###|..@.####......########......%...######|......-#### ------ # # #|...| # |....|# |........-# #+......| # |....| # ### |...| # ------# +........|# #|......| ### |....| # # ---.- # # ---.------# ##------.- # |....| ## ### ######### # ) # # ###### ##-....| --|---# # # # ### ### # # # ------ |....|# # # ### # ## # ### |....|# # # # ## ## # # |....|# # # ### -.------- # ### |....|# ## # # |..)....| ### # # |....|# ---|--# ###|.......| # -|-|-- |.....# |....|# #........| ##-....| ------ |....|# --------- |*...| |.....# |..>.| ------ ------ Nobbs the Warrior Experience level: 17 Strength: 25 Dexterity: 18 Constitution: 18 Intelligence: 15 Wisdom: 17 Charisma: 14 Health: 189(189) Energy: 45(45) Def: 46 Gold: 0 Moves: 51277 Dungeon seed: sXocmYbWiPV6-1e0 Game ID: Nobbs_1509623482 Your Inventory: Wands f - a wand of cancellation (0:4) g - a wand of digging (0:6) h - a wand of teleportation (0:7) v - a wand of teleportation (0:3) y - a wand of death (0:0) F - a wand of death (0:7) H - a cursed wand of polymorph (0:7) M - a wand of polymorph (0:0) N - a wand of fire (0:6) Q - a wand of magic missile (0:8) R - a wand of death (0:6) T - a wand of polymorph (0:0) V - a wand of polymorph (1:0) X - a wand of cancellation (0:1) Amulets j - an uncursed amulet of magical breathing W - an uncursed amulet of life saving (being worn) Weapons C - a +6 silver saber (wielded in other hand) S - the blessed +7 Grayswandir (weapon in hand) Armor c - a blessed greased fireproof +6 elven leather helm (being worn) e - a blessed greased fireproof +5 cloak of magic resistance (being worn) m - a blessed fireproof +4 pair of speed boots (being worn) G - a blessed greased +5 silver dragon scale mail (being worn) J - a blessed rustproof +5 pair of gauntlets of power (being worn) K - an uncursed +4 Hawaiian shirt (being worn) U - a blessed burnt +0 pair of water walking boots Comestibles q - 4 uncursed K-rations O - an uncursed partly eaten food ration P - 3 uncursed lizard corpses Z - an uncursed partly eaten lizard corpse Spellbooks n - the uncursed Book of the Dead Potions a - an uncursed potion of gain level Rings d - a blessed ring of slow digestion (on left hand) k - a blessed ring of levitation l - an uncursed +2 ring of protection s - an uncursed +1 ring of gain strength w - a blessed ring of free action D - an uncursed ring of teleport control I - an uncursed ring of teleportation L - a blessed ring of conflict (on right hand) Tools b - a blessed greased bag of holding o - the Orb of Fate (0:4) p - a rustproof +5 pick-axe t - a blessed towel u - a blessed +4 unicorn horn x - an uncursed skeleton key z - the uncursed Candelabrum of Invocation (no candles attached) (0:0) A - a +0 unicorn horn B - the blessed Bell of Opening (0:2) Gems i - a blessed luckstone Contents of the bag of holding: 10860 gold pieces a wand of cold (0:8) a wand of cold (0:6) a wand of cold (0:6) a wand of cold (0:6) a wand of cold (0:5) a wand of create monster (0:15) a wand of create monster (0:12) a wand of create monster (0:12) a wand of create monster (0:6) a wand of digging (0:8) a wand of digging (0:7) a wand of digging (0:6) a wand of digging (0:5) a wand of digging (0:4) a wand of digging (0:4) a wand of digging (0:2) a wand of enlightenment (0:14) a wand of fire (0:2) a wand of lightning (0:5) a wand of locking (0:6) a wand of magic missile (0:7) a wand of magic missile (0:3) a wand of magic missile (0:2) a wand of magic missile (0:1) a wand of make invisible (0:5) a wand of make invisible (0:4) a wand of make invisible (0:4) a wand of polymorph (0:0) a wand of secret door detection (0:11) a wand of secret door detection (0:9) a wand of sleep (0:4) a wand of slow monster (0:4) a wand of speed monster (0:7) a wand of speed monster (0:5) a wand of speed monster (0:3) a blessed wand of striking (0:5) a wand of striking (0:4) a wand of striking (0:2) a wand of teleportation (0:4) a wand of teleportation (0:3) a wand of undead turning (0:8) a cursed wand of undead turning (0:8) a cursed wand of undead turning (0:6) a wand of undead turning (0:5) a wand of undead turning (0:5) an uncursed amulet of ESP an uncursed amulet of life saving an uncursed amulet of life saving an uncursed amulet of life saving a blessed amulet of reflection an uncursed amulet of reflection an uncursed amulet of unchanging the blessed rustproof +1 Excalibur an uncursed +0 pair of jumping boots 3 uncursed K-rations 4 uncursed food rations 3 uncursed tripe rations 4 uncursed scrolls of blank paper a cursed scroll of blank paper 4 blessed scrolls of charging 5 uncursed scrolls of earth 2 cursed scrolls of enchant armor a blessed scroll of genocide 4 uncursed scrolls of gold detection a blessed scroll of remove curse 3 uncursed scrolls of remove curse 5 uncursed scrolls of scare monster 4 blessed scrolls of taming 2 uncursed scrolls of taming 2 uncursed scrolls of teleportation an uncursed potion of booze a blessed potion of confusion 2 uncursed potions of extra healing 4 cursed potions of extra healing 3 uncursed potions of full healing 4 cursed potions of full healing a blessed potion of gain energy an uncursed potion of gain level 9 potions of holy water a blessed potion of polymorph a cursed potion of polymorph an uncursed potion of restore ability a blessed potion of speed 3 uncursed potions of water an uncursed +1 ring of gain constitution an uncursed +1 ring of gain strength an uncursed ring of levitation an uncursed ring of polymorph an uncursed ring of polymorph control an uncursed ring of searching an uncursed ring of shock resistance an uncursed ring of stealth an uncursed ring of teleport control an uncursed ring of warning a can of grease (0:9) a magic marker (1:4) a magic marker (0:0) an uncursed magic whistle a blessed oil lamp (0:1411) 7 uncursed tallow candles (0:200) a +0 unicorn horn a +0 unicorn horn an uncursed touchstone Spells and supernatural/magical abilities: Name Level Category Fail Memory r - remove curse 3 clerical 100% 74% W - pray for help -- divine ? -- Your skills at the end: Fighting Skills Weapon Skills dagger [Basic] long sword [Basic] Spellcasting Skills Final Attributes: You were piously aligned. You were fire resistant. You were cold resistant. You were shock resistant. You were magic-protected. You resisted hallucinations. You were telepathic. You were warned. You were stealthy. You caused conflict. You had slower digestion. You were protected. You were very fast. You had reflection. Your life would have been saved. You were wielding two weapons at once. You were lucky. You had extra luck. Good luck did not time out for you. You survived after being killed once. Vanquished creatures: Orcus Juiblex The Wizard of Yendor (5 times) a high priest 4 mastodons Medusa 8 krakens 4 iron golems 6 storm giants 6 glass golems 4 balrogs 14 purple worms 3 gray dragons 6 silver dragons 11 red dragons 7 white dragons 2 orange dragons 5 black dragons 4 blue dragons a green dragon a yellow dragon 21 minotaurs 8 jabberwocks Lord Surtur 8 baluchitheria Vlad the Impaler 5 stone golems 11 Olog-hai 3 Nazgul 4 pit fiends 35 sandestins 6 hell hounds 5 titanotheres 3 trappers a baby red dragon a baby white dragon 3 baby black dragons a baby blue dragon 3 baby green dragons 26 vampire lords 6 shades 5 skeletons 9 aligned priests 5 captains a lich 2 water trolls 7 clay golems 13 nurses 11 ice devils 4 nalfeshnees 4 lurkers above a frost giant 3 ettins 4 black puddings 27 vampires 42 ghosts 13 lieutenants a queen bee 4 winged gargoyles a mind flayer 11 giant mimics 12 zruties 30 fire giants 6 ogre kings 2 ice trolls 14 rock trolls 9 umber hulks a flesh golem 5 Elvenkings 7 doppelgangers 12 hezrous 41 bone devils 9 large mimics 3 wumpuses 5 fire vortices 9 long worms 16 stalkers 9 air elementals 4 fire elementals an earth elemental 4 water elementals 12 hill giants 4 giant mummies a black naga 6 xorns 17 giant zombies 12 elf-lords 14 sergeants 4 barbed devils 14 vrocks 7 salamanders 15 wargs a winter wolf 11 hell hound pups 17 small mimics 3 glass piercers 9 warhorses 10 steam vortices 11 xans 5 ettin mummies 12 ogre lords 16 quantum mechanics 32 trolls a sasquatch 5 wood golems an erinys 11 mariliths 3 sharks 12 gelatinous cubes 7 pyrolisks 4 large dogs 3 freezing spheres 9 flaming spheres 6 shocking spheres 3 large cats 5 tigers 8 gargoyles a dwarf king 15 ochre jellies 11 leocrottas 7 energy vortices 9 mountain centaurs 2 stone giants 8 elf mummies 3 human mummies 4 red nagas 6 green slimes 7 pit vipers 5 pythons 5 cobras 62 wraiths 3 carnivorous apes 19 ettin zombies a leather golem 36 Grey-elves 49 soldiers 2 horned devils 7 succubi 6 incubi 12 chameleons 6 crocodiles 12 giant beetles 9 quivering blobs 21 cockatrices 8 wolves 10 winter wolf cubs 2 lynxes 4 panthers 56 gremlins 8 spotted jellies 22 leprechauns 17 orc-captains 4 iron piercers 6 mumakil 11 giant spiders 12 scorpions 6 horses 8 black lights 11 vampire bats 8 forest centaurs 8 gnome kings 6 orc mummies 6 dwarf mummies 13 ogres 4 brown puddings 7 rust monsters 12 owlbears 14 yetis 4 gold golems 5 werewolves 9 Green-elves 2 piranhas 8 giant eels 22 lizards 3 warriors 20 chickatrices a dog 2 housecats 6 jaguars 2 dwarf lords 4 blue jellies 2 gray unicorns 4 black unicorns 6 dust vortices 8 ravens 5 plains centaurs 4 gnome mummies 7 snakes 17 apes 29 human zombies 6 rope golems 18 Woodland-elves 18 soldier ants 80 fire ants 13 bugbears 3 imps 3 lemures 12 quasits 2 wood nymphs 3 water nymphs a mountain nymph 9 Mordor orcs 6 Uruk-hai 2 orc shamans 6 rock piercers a rock mole 5 ponies 2 fog clouds 13 yellow lights 5 shriekers 3 violet fungi 15 gnome lords 11 gnomish wizards 2 kobold mummies 2 black naga hatchlings a golden naga hatchling 5 gray oozes 2 barrow wights 23 elf zombies 13 ghouls 5 straw golems 4 paper golems 2 jellyfish 6 giant ants 5 little dogs 6 floating eyes 9 dwarves 4 homunculi 6 kobold shamans 24 hill orcs 12 rothes 3 rabid rats 3 centipedes 4 giant bats 4 monkeys 23 orc zombies 25 dwarf zombies 3 wererats 2 werejackals 8 iguanas 11 killer bees 10 acid blobs 2 gas spores 3 hobbits 7 manes a large kobold 27 hobgoblins 9 giant rats 6 cave spiders 2 brown molds 9 yellow molds 3 green molds 2 red molds 52 gnomes a garter snake 14 gnome zombies 7 geckos 8 jackals 2 foxes 3 kobolds 13 goblins 3 sewer rats 11 grid bugs 3 bats 8 lichens 20 kobold zombies 3 newts 2369 creatures vanquished. Genocided species: hobbits dwarves bugbears dwarf lords dwarf kings mind flayers master mind flayers liches demiliches master liches arch-liches rust monsters disenchanters 13 species genocided. Voluntary challenges: You used a wielded weapon 4333 times, starting on turn 103. You read items or engraved 131 times, starting on turn 2270. You genocided 13 types of monsters, starting on turn 15045. You polymorphed 231 items, starting on turn 25636. You never changed form. You used 7 wishes, starting on turn 15044. You wished for your your first artifact on turn 17988. You split 1 pudding, starting on turn 10447. You wrote Elbereth's name 25 times, starting on turn 2271. You never violated your personal moral code. Dungeon overview: The Dungeons of Doom: levels 1 to 29 Level 1 <- You were here a long staircase Level 2 a general store, a fountain Level 3 a sink stairs to The Gnomish Mines Level 4 an armor shop, a fountain Level 5 an armor shop Level 6 Level 7 a fountain Level 8 some fountains Level 9 a general store, a fountain stairs to Sokoban Level 10 a fountain Level 11 Level 12 Level 13 a weapon shop, a fountain, a sink Level 14 a fountain portal to The Quest Level 15 a fountain Level 16 a fountain Level 17 Level 18 Level 19 a temple to Tyr Level 20 Level 21 a general store Level 22 Level 23 some altars to Odin and Loki, a fountain, a sink Level 24 Level 25 some fountains Level 26 a sink, a throne Level 27 a fountain, a sink Level 28 Level 29 a fountain Gehennom: levels 30 to 50 Level 30 a temple to Moloch stairs to The Dungeons of Doom Level 31 Level 32 Level 33 Level 34 some fountains Level 35 Level 36 Level 37 Level 38 Level 39 some shops, an altar to Moloch stairs to Vlad's Tower Level 40 Level 41 Level 42 portal to Gehennom Level 43 Level 44 Level 45 Level 46 Level 47 portal to Gehennom Level 48 Level 49 Level 50 The Gnomish Mines: levels 4 to 10 Level 4 stairs to The Dungeons of Doom Level 5 Level 6 some shops, a temple to Loki, some fountains Level 7 Level 8 Level 9 Level 10 The Quest: levels 1 to 5 Level 1 a fountain portal to The Dungeons of Doom Level 2 Level 3 Level 4 Level 5 Sokoban: levels 5 to 8 Level 5 Level 6 Level 7 Level 8 stairs to The Dungeons of Doom Vlad's Tower: levels 36 to 38 Level 36 Level 37 Level 38 stairs to Gehennom History has recorded: On T:1 you entered the Dungeons of Doom to retrieve the Amulet of Yendor! On T:171 you reached level 2 of The Dungeons of Doom. On T:416 you reached level 3 of The Dungeons of Doom. On T:636 you advanced to experience level 2. On T:705 you reached level 4 of The Dungeons of Doom. On T:708 you reached level 5 of The Dungeons of Doom. On T:853 you reached level 1 of The Gnomish Mines. On T:899 you advanced to experience level 3. On T:986 you advanced to experience level 4. On T:1007 you reached level 2 of The Gnomish Mines. On T:1059 you advanced to experience level 5. On T:1166 you reached level 3 of The Gnomish Mines. On T:2673 you advanced to experience level 6. On T:2917 you reached level 6 of The Dungeons of Doom. On T:3093 you reached level 7 of The Dungeons of Doom. On T:3549 you reached level 8 of The Dungeons of Doom. On T:3905 you advanced to experience level 7. On T:4563 you reached level 9 of The Dungeons of Doom. On T:4653 you reached level 4 of Sokoban. On T:4799 you reached level 10 of The Dungeons of Doom. On T:4946 you advanced to experience level 8. On T:5052 you reached level 11 of The Dungeons of Doom. On T:5545 you reached level 3 of Sokoban. On T:6136 you reached level 2 of Sokoban. On T:6530 you reached level 1 of Sokoban. On T:7469 you advanced to experience level 9. On T:8888 you reached level 4 of The Gnomish Mines. On T:8902 you reached level 5 of The Gnomish Mines. On T:9008 you reached level 6 of The Gnomish Mines. On T:9080 you reached level 7 of The Gnomish Mines. On T:10108 you advanced to experience level 10. On T:10700 you reached level 12 of The Dungeons of Doom. On T:10990 you reached level 13 of The Dungeons of Doom. On T:11537 you reached level 14 of The Dungeons of Doom. On T:11767 you reached level 15 of The Dungeons of Doom. On T:11891 you reached level 16 of The Dungeons of Doom. On T:11990 you advanced to experience level 11. On T:11992 you advanced to experience level 12. On T:12329 you reached level 17 of The Dungeons of Doom. On T:12767 you reached level 18 of The Dungeons of Doom. On T:12796 you reached level 19 of The Dungeons of Doom. On T:13152 you reached level 20 of The Dungeons of Doom. On T:13429 you reached level 21 of The Dungeons of Doom. On T:13528 you reached level 22 of The Dungeons of Doom. On T:13723 you reached level 23 of The Dungeons of Doom. On T:13981 you reached level 24 of The Dungeons of Doom. On T:14371 you reached level 25 of The Dungeons of Doom. On T:14460 you reached level 26 of The Dungeons of Doom. On T:15044 you wished for "2 blessed scrolls of genocide". On T:15700 you reached level 27 of The Dungeons of Doom. On T:16395 you reached level 28 of The Dungeons of Doom. On T:16695 you reached The Castle. On T:16744 you killed Medusa in The Castle. On T:17268 you advanced to experience level 13. On T:17987 you wished for "2 blessed scrolls of charging". On T:17988 you wished for "blessed fixed +3 grayswandir". On T:17990 you wished for "blessed fixed +3 cloak of magic resistance". On T:17992 you wished for "a magic marker". On T:18041 you wished for "amulet of life saving". On T:18399 you reached The Valley of the Dead. On T:18602 you advanced to experience level 14. On T:18980 you advanced to experience level 15. On T:19098 you advanced to experience level 16. On T:19311 you reached level 2 of Gehennom. On T:19524 you reached level 3 of Gehennom. On T:19914 you reached level 4 of Gehennom. On T:20110 you reached level 7 of Gehennom. On T:20401 you reached level 6 of Gehennom. On T:20739 you reached level 8 of Gehennom. On T:20829 you reached level 9 of Gehennom. On T:21656 you reached level 10 of Gehennom. On T:22894 you killed Orcus on level 10 of Gehennom. On T:22911 you reached level 11 of Gehennom. On T:23335 you reached level 12 of Gehennom. On T:23457 you reached level 3 of Vlad's Tower. On T:23573 you reached level 2 of Vlad's Tower. On T:23736 you reached level 1 of Vlad's Tower. On T:24345 you killed Vlad the Impaler on level 1 of Vlad's Tower. On T:25142 you reached level 5 of Gehennom. On T:25407 you killed Juiblex on level 5 of Gehennom. On T:27124 you wished for "blessed fixed +3 gauntlets of power". On T:29402 you reached level 1 of The Quest. On T:29473 you embarked upon an epic quest. On T:29521 you reached level 2 of The Quest. On T:29630 you reached level 3 of The Quest. On T:29828 you reached level 4 of The Quest. On T:29924 you reached level 5 of The Quest. On T:30392 you killed Lord Surtur on level 2 of The Quest. On T:32931 you reached level 13 of Gehennom. On T:33242 you reached level 14 of Gehennom. On T:33642 you reached level 15 of Gehennom. On T:34127 you advanced to experience level 17. On T:35104 you reached level 16 of Gehennom. On T:35387 you reached level 17 of Gehennom. On T:37380 you reached level 18 of Gehennom. On T:37921 you reached level 20 of Gehennom. On T:38148 you reached level 19 of Gehennom. On T:48317 you killed Wizard of Yendor on level 11 of Gehennom. On T:48493 you killed Wizard of Yendor on level 13 of Gehennom. On T:48559 you performed the invocation. On T:48559 you reached level 21 of Gehennom. On T:48834 you were saved from death by your amulet of life saving! On T:48875 you gained the Amulet of Yendor! On T:49992 you killed Wizard of Yendor on level 6 of Gehennom. On T:50078 you killed Wizard of Yendor on level 6 of Gehennom. On T:50258 you lost the Amulet of Yendor. Score breakdown: Gold: 10860 (13728 points) Experience: 17 levels (22283 points) Exploration: 50 levels (100.00%) (30000 points) Discoveries: 129 items ( 52.65%) (21768 points) Valuables value: 1350 (10649 points) Artifact value: 31500 (15301 points) Variety of kills: 267 monsters ( 70.08%) (25113 points) Turncount: 51277 turns (-4793 points) Survival: survived (score multiplied by 100%) Total score: 134049 Latest messages: You see here a potion of monster detection. You see here 2 potions of water. You see here 2 potions of gain energy. You see here a potion of full healing. You see here 2 potions of gain energy. You see here 2 potions of see invisible. You see here a potion of see invisible. You see here 2 potions of see invisible. You feel shuddering vibrations. You kill the iguana! You see here 2 potions of restore ability. You are now wearing a ring of conflict. Final status: Farvel Nobbs the Valkyrie, escaped... You escaped from the dungeon with 134049 points, Excalibur (worth 4000 zorkmids) The Book of the Dead (worth 10000 zorkmids) The Orb of Fate (worth 3500 zorkmids) The Candelabrum of Invocation (worth 5000 zorkmids) The Bell of Opening (worth 5000 zorkmids) Grayswandir (worth 8000 zorkmids) 4 amulets of life saving (worth 600 zorkmids), 2 amulets of reflection (worth 300 zorkmids), 1 amulet of ESP (worth 150 zorkmids), 1 amulet of unchanging (worth 150 zorkmids), 1 amulet of magical breathing (worth 150 zorkmids), and 10860 pieces of gold, after 51277 moves. You were level 17 with a maximum of 189 hit points when you escaped.